 Dungeon Crawl Stone Soup version bcrawl-1.21.3 (webtiles) character file.

Game seed: 17004043477753976223

16 MisterOstroum the Conjurer (level 2, -1/16 HPs)
             Began as a Vine Stalker Conjurer on Mar 27, 2020.
             Slain by a bullfrog skeleton (5 damage)
             ... on level 2 of the Dungeon.
             The game lasted 00:00:44 (1226 turns).

MisterOstroum the Conjurer (Vine Stalker Conjurer)  Turns: 1226, Time: 00:00:44

Health: -1/16      AC:  2    Str: 10    XL:     2   Next: 54%
Magic:  3/6        EV: 12    Int: 15    God:
Gold:   23         SH:  0    Dex: 14    Spells: 4/5 levels left

rFire    . . .     SeeInvis .   j - +0 short sword
rCold    . . .     Gourm    .   (no shield)
rNeg     . . .     Faith    .   a - +0 robe
rPois    .         Spirit   .   (no helmet)
rElec    .         Reflect  .   (no cloak)
rCorr    .         Harm     .   (no gloves)
MR       .....                  (no boots)
Stlth    ++........             (no amulet)
HPRegen  0.45/turn              (no ring)
MPRegen  0.10/turn              (no ring)

@: no status effects
A: fangs 2, regeneration 1, no potion heal 3, rot immunity, strong jaws
a: no special abilities


You were on level 2 of the Dungeon.
You were not hungry.

You visited 1 branch of the dungeon, and saw 2 of its levels.

You collected 23 gold pieces.

Inventory:

Hand Weapons
 j - a +0 short sword (weapon)
Missiles
 b - 154 stones (quivered)
Armour
 a - a +0 robe (worn)
 f - a +0 pair of gloves
Jewellery
 h - an uncursed amulet of the gourmand {unknown}
Scrolls
 d - a scroll of enchant weapon {unknown}
 g - 2 scrolls of amnesia {unknown}
 i - a scroll of magic mapping {unknown}
Potions
 c - a potion of magic
Comestibles
 e - a ration {!d}
 k - 2 chunks of flesh


   Skills:
 * Level 0.3 Fighting
 * Level 0.3 Short Blades
 - Level 2.0 Dodging
 - Level 3.0 Stealth
 - Level 2.1 Spellcasting
 + Level 4.5 Conjurations


You had 4 spell levels left.
You knew the following spells:

 Your Spells              Type           Power        Failure   Level  Hunger
a - Magic Dart            Conj           ###.         3%          1    #......

Your spell library contained the following spells:

 Spells                   Type           Power        Failure   Level  Hunger
 Searing Ray              Conj           ###.....     5%          2    ###....
 Iskenderun's Mystic Bla  Conj           ###.....     11%         3    ###....
 Fulminant Prism          Conj/Hex       #.........   65%         4    #####..
 Irradiate                Conj/Tmut      #.........   94%         5    ######.


Dungeon Overview and Level Annotations

Branches:
Dungeon (2/12)

Altars:


Innate Abilities, Weirdness & Mutations

You have extremely sharp teeth.
Your natural rate of healing is unusually fast.
Potions cannot restore your health.
You are immune to rotting.
Your bites deal extra damage.


Message History

The rat is severely wounded.
The goblin shouts!
The kobold throws a stone.
The stone closely misses you. The rat barely misses you.
You barely miss the rat.
The rat is severely wounded.
The bat hits you.
The kobold throws a stone.
The stone misses you. The rat barely misses you.
You hit the rat.
You kill the rat!
The bat hits you but does no damage.
The kobold throws a stone.
The stone misses you.
The stone hits the goblin but does no damage.
A bullfrog skeleton comes into view.
You are feeling very hungry.
The kobold hits you with a +0 short sword.
The bat closely misses you.
You closely miss the bat. The bat hits you but does no damage.
The kobold misses you. The bat hits you but does no damage.
There is a stone staircase leading up here.
The goblin barely misses you. The bat misses you. The kobold barely misses you.
You climb upwards.
There is a stone staircase leading down here.
You hit the goblin.
The goblin is severely wounded.
The goblin hits you. The kobold barely misses you.
You hit the goblin.
You kill the goblin!
The kobold hits you with a +0 short sword.
Casting: Magic Dart (safe; 3% risk of failure)
Confirm with . or Enter, or press ? or * to list all spells.
Aiming: Magic Dart (safe; 3% risk of failure)
Press: ? - help, Shift-Dir - straight line, f - kobold
Aim: a kobold, wielding a +0 short sword The magic dart hits the kobold.
The kobold is moderately wounded.
The kobold hits you with a +0 short sword.
Casting: Magic Dart (safe; 3% risk of failure)
Confirm with . or Enter, or press ? or * to list all spells.
Aiming: Magic Dart (safe; 3% risk of failure)
Press: ? - help, Shift-Dir - straight line, f/p - kobold
Aim: a kobold, wielding a +0 short sword (moderately wounded)
The magic dart hits the kobold.
You kill the kobold!
Casting: Magic Dart (safe; 3% risk of failure)
Confirm with . or Enter, or press ? or * to list all spells.
You can't see any susceptible monsters within range! (Use Z to cast anyway.)
Casting: Magic Dart (safe; 3% risk of failure)
Confirm with . or Enter, or press ? or * to list all spells.
You can't see any susceptible monsters within range! (Use Z to cast anyway.)
Casting: Magic Dart (safe; 3% risk of failure)
Confirm with . or Enter, or press ? or * to list all spells.
You can't see any susceptible monsters within range! (Use Z to cast anyway.)
Casting: Magic Dart (safe; 3% risk of failure)
Confirm with . or Enter, or press ? or * to list all spells.
You can't see any susceptible monsters within range! (Use Z to cast anyway.)
You see here a goblin corpse.
You butcher the goblin corpse.
k - 3 chunks of flesh You see here a goblin skeleton.
You see here a +0 short sword.
There isn't anything to butcher here.
There is a stone staircase leading down, spattered with blood here.
You start resting.
Eating one of 3 chunks of flesh.
You eat one of the 3 chunks of flesh.
This raw flesh tastes terrible.
HP restored.
Magic restored.
You climb downwards.
The bat closely misses you.
The bullfrog skeleton barely misses you.
The bullfrog skeleton closely misses you.
There is a stone staircase leading up here.
Casting: Magic Dart (safe; 3% risk of failure)
Confirm with . or Enter, or press ? or * to list all spells.
Aiming: Magic Dart (safe; 3% risk of failure)
Press: ? - help, Shift-Dir - straight line, f - bat
Aim: a bat The magic dart hits the bat.
You kill the bat!
The bullfrog skeleton hits you.
Casting: Magic Dart (safe; 3% risk of failure)
Confirm with . or Enter, or press ? or * to list all spells.
Aiming: Magic Dart (safe; 3% risk of failure)
Press: ? - help, Shift-Dir - straight line, f - bullfrog skeleton
Aim: a bullfrog skeleton The magic dart hits the bullfrog skeleton.
The bullfrog skeleton is lightly damaged.
The bullfrog skeleton hits you but does no damage.
Casting: Magic Dart (safe; 3% risk of failure)
Confirm with . or Enter, or press ? or * to list all spells.
Aiming: Magic Dart (safe; 3% risk of failure)
Press: ? - help, Shift-Dir - straight line, f/p - bullfrog skeleton
Aim: a bullfrog skeleton (lightly damaged)
The magic dart hits the bullfrog skeleton.
The bullfrog skeleton is moderately damaged.
The bullfrog skeleton hits you!
Ouch! That really hurt!
* * * LOW HITPOINT WARNING * * *
The bullfrog skeleton hits you.
You die...

...... #.#..# #
#.#..# #.#.#..##
####.#.....####.
................
#.............
#.@...# #.Z...#
####..# .>..
..##.. ... #
#... ....


You could see a bullfrog skeleton.

Vanquished Creatures
  A leopard gecko (D:1)
  A ball python (D:1)
  A bat (D:2)
  A goblin (D:1)
  2 hobgoblins (D:1)
  4 kobolds (D:1)
  4 rats
14 creatures vanquished.

Notes
Turn   | Place    | Note
-------+----------+-------------------------------------------
     0 | D:1      | MisterOstroum the Vine Stalker Conjurer began the quest for
                  | the Orb.
     0 | D:1      | Reached XP level 1. HP: 10/10 MP: 4/4
   406 | D:1      | Reached XP level 2. HP: 15/15 MP: 1/6
  1226 | D:2      | Slain by a bullfrog skeleton

Action                   || total
-------------------------++-------
Melee: Short sword       ||     5
 Cast: Magic Dart        ||    23
  Eat: Chunk             ||     1
Armor: Robe              ||     4
Dodge: Dodged            ||    14
